 Dungeon Crawl Stone Soup version 0.29.1-15-g9cfb28693d (webtiles) character file.

Game seed: 16335613840252449753

180 LLlMATKO the Chopper (level 5, 0/70 HPs)
             Began as a Minotaur Berserker on Apr 29, 2023.
             Was a Believer of Trog.
             Succumbed to a kobold's poison
             ... on level 4 of the Dungeon.
             The game lasted 00:02:21 (3155 turns).

LLlMATKO the Chopper (Minotaur Berserker)           Turns: 3155, Time: 00:02:22

Health: 0/70       AC: 12    Str: 23    XL:     5   Next: 33%
Magic:  4/4        EV:  7    Int:  4    God:    Trog [**....]
Gold:   212        SH:  0    Dex: 10    Spells: 4/4 levels left

rFire   . . .      SeeInvis .   a - +0 hand axe
rCold   . . .      Faith    .   b - orb {mayhem}
rNeg    . . .      Spirit   .   d - +0 plate armour
rPois   .          Reflect  .   (helmet restricted)
rElec   .          Harm     .   n - +0 cloak
rCorr   .          Rampage  .   (no gloves)
Will    .....                   (no boots)
Stlth   ..........              (no amulet)
HPRegen 0.21/turn               (no ring)
MPRegen 0.09/turn               (no ring)

@: berserking (expiring), lethally poisoned (0 -> -12), very quick
A: horns 2, retaliatory headbutt
a: Renounce Religion, Berserk, Trog's Hand


You were on level 4 of the Dungeon.
You worshipped Trog.
Trog was pleased with you.
You visited 1 branch of the dungeon, and saw 4 of its levels.

You collected 212 gold pieces.

Inventory:

Hand Weapons
 a - a +0 hand axe (weapon)
Missiles
 q - 3 javelins (quivered)
Armour
 b - an orb of mayhem (worn)
 d - a +0 plate armour (worn)
 n - a +0 cloak (worn)
Jewellery
 o - a ring of flight
 t - an amulet of faith
Wands
 k - a wand of paralysis (14)
 m - a wand of polymorph (3)
Scrolls
 c - 3 scrolls of identify {unknown}
 g - 2 scrolls of butterflies {unknown}
 r - a scroll of amnesia {unknown}
 v - a scroll of magic mapping {unknown}
 w - 2 scrolls of summoning {unknown}
Potions
 e - 3 potions of haste {unknown}
 f - 2 potions of curing {unknown}
 h - 2 potions of degeneration {unknown}
 i - a potion of magic {unknown}
 j - a potion of ambrosia {unknown}
 l - a potion of mutation {unknown}
 p - a potion of attraction {unknown}
 s - 2 potions of heal wounds {unknown}
 u - a potion of might {unknown}
 x - a potion of cancellation {unknown}


   Skills:
 + Level 4.8 Fighting
 + Level 4.9 Axes
 + Level 3.9 Armour
 + Level 3.5 Dodging


You had 4 spell levels left.
You didn't know any spells.
Your spell library was empty.

Dungeon Overview and Level Annotations

Branches:
Dungeon (4/15)
 Temple: D:4-7

Altars:
Cheibriados
Okawaru
Trog


Innate Abilities, Weirdness & Mutations

You have a pair of horns on your head.
You reflexively headbutt those who attack you in melee.


Message History

The ufetubus hits you.
The ufetubus hits you but does no damage. x2
The kobold hits you but does no damage.
You are more poisoned.
You slash the kobold!
You kill the kobold!
Trog accepts your kill.
You barely miss the ufetubus.
You feel very sick.
The ufetubus hits you but does no damage.
The ufetubus barely misses you.
A goblin comes into view. It is wielding a +0 dagger.
* * * LOW HITPOINT WARNING * * *
You feel very sick.
The ufetubus hits you but does no damage.
The ufetubus closely misses you.
Things that are here:
a +0 dagger of venom; 5 stones You slash the ufetubus!
You kill the ufetubus!
Trog accepts your kill.
* * * LOW HITPOINT WARNING * * *
You feel very sick.
Unknown command.
* * * LOW HITPOINT WARNING * * *
You feel very sick.
You feel a strong urge to attack something.
* * * LOW HITPOINT WARNING * * *
You feel very sick.
* * * LOW HITPOINT WARNING * * *
You feel very sick. The goblin hits you but does no damage.
You hit the goblin.
The goblin is severely wounded.
* * * LOW HITPOINT WARNING * * *
You feel sick.
You miss the goblin. You headbutt the goblin.
You kill the goblin!
Trog accepts your kill.
You die...

#.# #..#....#.. #.#
##.######.#
####.#####.. ..#
##.......##### ..#
########...$....#
..#
#.........#..#..#
#.........#$.#..##
#.?.[..)..##.#..$#
#.........@)...#...
#................##.
#.......###..##.##
#.......# ..# .#
######### ..# ..#
... ...#


There were no monsters in sight!

Vanquished Creatures
  Crazy Yiuf (D:2)
  Robin (D:2)
  A mummy (D:4)
  A gnoll (D:3)
  4 adders
  An ufetubus (D:4)
  3 worms
  A dart slug (D:1)
  2 orcs (D:3)
  9 endoplasms
  13 goblins
  9 hobgoblins
  5 kobolds
  2 quokkas (D:1)
  4 ball pythons
  3 frilled lizards
  A hobgoblin zombie (D:4)
  A kobold zombie (D:4)
  2 orc zombies (D:4)
64 creatures vanquished.

Vanquished Creatures (collateral kills)
  2 goblins (D:2)
  2 hobgoblins
4 creatures vanquished.

Vanquished Creatures (others)
  A fungus (D:3)
1 creature vanquished.

Grand Total: 69 creatures vanquished

Notes
Turn   | Place    | Note
-------+----------+-------------------------------------------
     0 | D:1      | LLlMATKO the Minotaur Berserker began the quest for the
                  | Orb.
     0 | D:1      | Reached XP level 1. HP: 19/19 MP: 0/0
   394 | D:1      | Found a faded altar of an unknown god.
   404 | D:1      | Reached XP level 2. HP: 25/27 MP: 1/1
   903 | D:2      | Noticed Robin
   910 | D:2      | Reached XP level 3. HP: 16/33 MP: 2/2
   917 | D:2      | Killed Robin
  1108 | D:2      | Reached ** piety under Trog
  1447 | D:2      | Reached XP level 4. HP: 41/41 MP: 3/3
  1512 | D:2      | Found a runed translucent door.
  1513 | D:2      | Noticed Crazy Yiuf
  1520 | D:2      | Killed Crazy Yiuf
  2108 | D:3      | Found a snail-covered altar of Cheibriados.
  2302 | D:3      | Found a faded altar of an unknown god.
  2312 | D:3      | Found a bloodstained altar of Trog.
  2493 | D:3      | Reached XP level 5. HP: 46/47 MP: 4/4
  2634 | D:3      | Found an iron altar of Okawaru.
  3154 | D:4      | HP: 2/70 [poisoned by a kobold]
  3155 | D:4      | Succumbed to a kobold's poison

Illustrated notes

Levels and vault maps discovered:
D:1:      heliophobic_arrival_dark_side_of_the_moon, layout_loops_ring,
          hellmonk_ecumenical_altar_zigzags
D:2:      layout_loops_cross, uniq_robin, uniq_crazy_yiuf_cottage
D:3:      layout_basic, okawaru_altar_gauntlet_db,
          nicolae_overflow_ecumenical_swirl, mainiacjoe_overflow_boulevard,
          kennysheep_generic_room_3
D:4:      layout_loops_cross, mainiacjoe_overflow_alcove_4,
          nicolae_ru_awakened_eye, minmay_temple_entry_tees, minmay_mini_ossuary

Skill      XL: |  1  2  3 |
---------------+----------+-----
Fighting       | 4 |  4.8
Axes           | 4 |  4.9
Armour         | 3 |  3.9
Dodging        | 3 |  3.5

Action                   |  1- 3 |  4- 6 || total
-------------------------+-------+-------++-------
Melee: Hand axe          |    73 |    66 ||   139
       Headbutt          |    10 |    15 ||    25
       Unarmed           |       |     1 ||     1
Invok: Berserk           |     1 |     2 ||     3
Armor: Plate armour      |    44 |    37 ||    81
       Animal skin       |     1 |       ||     1
Dodge: Dodged            |    20 |    15 ||    35
